 Dungeon Crawl Stone Soup version 0.31-a0-321-g19405a7a6a (webtiles) character file.

Game seed: 12639339949593107981

21 cforsyth the Changeling (level 2, -3/22 HPs)
             Began as a Vampire Shapeshifter on July 18, 2023.
             Slain by an adder (4 damage)
             ... on level 2 of the Dungeon.
             The game lasted 00:00:41 (999 turns).

cforsyth the Changeling (Vampire Shapeshifter)       Turns: 999, Time: 00:00:41

Health: -3/22      AC:  2    Str: 14    XL:     2   Next: 65%
Magic:  2/2        EV: 12    Int: 10    God:
Gold:   50         SH:  0    Dex: 14    Spells: 1/1 levels left

rFire   . .          .
                       - Unarmed
rCold   . . .        (no shield)
rNeg    . . .        a - +0 animal skin
rPois   .            (helmet currently unavailable)
rElec   .            (cloak currently unavailable)
rCorr   .            (gloves currently unavailable)
SInv    +            (boots currently unavailable)
Will    .....        (no amulet)
Stlth   +            (no ring)
HPRegen 0.43/turn    (no ring)
MPRegen 0.08/turn

%: no passive effects
@: lethally poisoned (-3 -> -9), beast-form, healing quickly
A: beast (slay +2), alive, fangs 3, see invisible, vampiric 1
a: Exsanguinate, Begin Untransformation


You were on level 2 of the Dungeon.
You were a hulking beast.
You visited 1 branch of the dungeon, and saw 2 of its levels.

You collected 50 gold pieces.

Inventory:

Armour
 a - a +0 animal skin (worn)
Jewellery
 e - a +5 ring of evasion
Talismans
 c - a beast talisman
Scrolls
 f - a scroll of vulnerability {unknown}
Potions
 b - 2 potions of lignification
 d - a potion of cancellation {unknown}


   Skills:
 + Level 2.2 Fighting
 - Level 2.1 Dodging
 + Level 2.7 Unarmed Combat
 + Level 3.5 Shapeshifting


You had one spell level left.
You didn't know any spells.
Your spell library was empty.

Dungeon Overview and Level Annotations

Branches:
Dungeon (2/15)

Altars:

Annotations:
D:2 1 runed translucent door, Crazy Yiuf


Innate Abilities, Weirdness & Mutations

You are a hulking beast.
Your limbs bulge with bestial killing power. (Slay +2)
Your natural rate of healing is accelerated.
You have razor-sharp teeth.
You have supernaturally acute eyesight. (SInv)
You are afflicted with vampirism.


Message History

The adder is lightly wounded.
The adder misses you.
You miss the adder.
The adder is lightly wounded.
The adder bites you.
You are poisoned.
The adder poisons you!
You hit the adder. Your bite misses the adder.
The adder is heavily wounded.
You feel sick. The adder bites you.
You barely miss the adder. Your bite misses the adder.
The adder is heavily wounded.
You feel sick. The adder bites you.
You are more poisoned.
The adder poisons you! The adder bites you.
You hit the adder but do no damage.
The adder is heavily wounded.
You feel sick. The adder closely misses you.
You hit the adder.
The adder is severely wounded.
You feel sick. The adder bites you.
You are too injured to fight recklessly!
You are too injured to fight recklessly!
You are too injured to fight recklessly!
You are too injured to fight recklessly!
You are too injured to fight recklessly!
You are too injured to fight recklessly!
You are too injured to fight recklessly!
You are too injured to fight recklessly!
You barely miss the adder.
The adder is severely wounded.
You feel sick. The adder bites you.
* * * LOW HITPOINT WARNING * * *
You are more poisoned.
The adder poisons you!
You hit the adder.
The adder is almost dead.
* * * LOW HITPOINT WARNING * * *
You feel sick. The adder bites you.
You die...

######### #
#.....<.#
#.##.#####.### #
............. #.
###.###....## #..
## ##......###...
.#..<#.####....#.##
##..
....$............#
#..
#....Sh.##......##
##)#
......!...####....#
#.## ##........#
#....# #.##
#..#...### ♣....♣
#.## ..( #....
♣♣...♣ #.## ##
#!... ♣♣.♣♣ #...
#.... ♣♣.♣ #.##
#..... ♣.♣♣ #.#
♣♣.♣ #.#


You could see an adder.

Vanquished Creatures
  An adder (D:2)
  2 endoplasms (D:1)
  2 goblins (D:2)
  A hobgoblin (D:1)
  A quokka (D:1)
  2 ball pythons (D:1)
  A bat (D:1)
  A frilled lizard (D:2)
  A kobold (D:1)
12 creatures vanquished.

Notes
Turn   | Place    | Note
-------+----------+-------------------------------------------
     0 | D:1      | cforsyth the Vampire Shapeshifter began the quest for the
                  | Orb.
     0 | D:1      | Reached XP level 1. HP: 16/16 MP: 1/1
   727 | D:1      | Reached XP level 2. HP: 20/22 MP: 2/2
   973 | D:2      | Found a runed translucent door.
   974 | D:2      | Noticed Crazy Yiuf
   999 | D:2      | HP: 1/22 [poisoned by an adder]
   999 | D:2      | Slain by an adder

Illustrated notes

Levels and vault maps discovered:
D:1:      arrival_zaba_pyramid, layout_basic
D:2:      layout_loops_ring, chequers_jeans, uniq_crazy_yiuf_cottage

Skill      XL: |  1 |
---------------+----+-----
Fighting       | 2 |  2.2
Dodging        | |  2.1
Unarmed Combat | |  2.7
Shapeshifting  | |  3.5

Action                     || total
---------------------------++-------
  Melee: Unarmed           ||    39
         Bite              ||     4
 Armour: Animal skin       ||     6
  Dodge: Dodged            ||    27

Table legend: (Time is in decaauts)
 A = Elapsed time spent in this place.
 B = Non-inter-level travel time spent in this place.
 C = Inter-level travel time spent in this place.
 D = Time resting spent in this place.
 E = Time spent auto-exploring this place.
 F = Levels seen in this place.
 G = Mean time per level.
                   A        B        C        D        E       F      G
               +--------+--------+--------+--------+--------+-----+--------+
         Total |    998 |    980 |     18 |     33 |    845 |   2 |  499.0 |
       Dungeon |    998 |    980 |     18 |     33 |    845 |   2 |  499.0 |
               +--------+--------+--------+--------+--------+-----+--------+

Top non-repeatable levels by time:
     D:1: 875 daAuts
     D:2: 122 daAuts
